 Dungeon Crawl Stone Soup version 0.26.1-11-gd32895ea62 (webtiles) character file.

Game seed: 10278706409181332242

211 Zeld the Changer (level 5, -1/51 HPs)
             Began as an Octopode Transmuter on May 26, 2021.
             Succumbed to a water moccasin's poison
             ... on level 3 of the Dungeon.
             The game lasted 00:05:34 (3533 turns).

Zeld the Changer (Octopode Transmuter)              Turns: 3533, Time: 00:05:35

Health: -1/51      AC: 22    Str: 10    XL:     5   Next: 88%
Magic:  2/10       EV:  2    Int: 15    God:
Gold:   83         SH:  0    Dex: 13    Spells: 1/11 levels left

rFire    . . .     SeeInvis .     - Unarmed
rCold    . . .     Faith    .   (no shield)
rNeg     + + +     Spirit   .   (helmet currently unavailable)
rPois    +         Reflect  .   (no amulet)
rElec    .         Harm     .   (no ring)
rCorr    .         Rampage  .   (no ring)
Will     .....     NoTele   +   (no ring)
Stlth    +.........             (no ring)
HPRegen  0.17/turn              (no ring)
MPRegen  0.12/turn              (no ring)
                                (no ring)
                                (no ring)

@: lethally poisoned (-1 -> -30), tree-form, very slightly contaminated
A: almost no armour, stealthy swim, (amphibious), 8 rings, (constrict 8)
a: no special abilities


You were on level 3 of the Dungeon.
You were a tree.
You visited 1 branch of the dungeon, and saw 3 of its levels.

You collected 83 gold pieces.

Inventory:

Jewellery
 e - a +4 ring of protection {unknown}
Wands
 g - a wand of digging (1)
Scrolls
 a - 2 scrolls of remove curse {unknown}
 b - 4 scrolls of identify {unknown}
 h - a scroll of teleportation {unknown}
 j - a scroll of magic mapping {unknown}
Potions
 c - a potion of heal wounds {unknown}
 d - a potion of curing {unknown}
 f - a potion of lignification
 i - a potion of haste {unknown}
 k - a potion of might {unknown}


   Skills:
 + Level 2.2 Fighting
 + Level 2.9 Dodging
 - Level 3.0 Unarmed Combat
 * Level 3.5 Spellcasting
 * Level 3.8 Transmutations


You had one spell level left.
You knew the following spells:

 Your Spells              Type           Power        Failure   Level
a - Beastly Appendage     Tmut           28%          4%          1
b - Wereblood             Tmut           14%          6%          2
c - Spider Form           Tmut/Pois      4%           26%         3
d - Ice Form              Ice/Tmut       8%           65%         4

Your spell library contained the following spells:

 Spells                   Type           Power        Failure   Level
 Foxfire                  Conj/Fire      8%           19%         1
 Blade Hands              Tmut           7%           73%         5


Dungeon Overview and Level Annotations

Branches:
Dungeon (3/15)

Altars:
Cheibriados
Hepliaklqana
Sif Muna


Innate Abilities, Weirdness & Mutations

You cannot wear most types of armour.
You are very stealthy in the water. (Stealth+)
((You are amphibious.))
You can wear up to eight rings at the same time.
((You can use your tentacles to constrict eight enemies at once.))
((Your skin changes colour to match your surroundings (Stealth+).))
((Your rubbery body absorbs attacks. (AC +1, EV +1)))


Message History

You are too injured to fight recklessly!
You hit the water moccasin.
The water moccasin is moderately wounded.
The water moccasin bites you!
* * * LOW HITPOINT WARNING * * *
Your transformation is almost over.
The water moccasin closely misses you.
Okay, then.
Press: ? - help, v - describe, . - travel The floor.
The water moccasin barely misses you. The water moccasin closely misses you.
The water moccasin bites you!
* * * LOW HITPOINT WARNING * * *
You are lethally poisoned!
The water moccasin poisons you!
It was a potion of lignification.
Your transformation has ended.
You turn into a tree.
Your roots penetrate the ground.
You die...

# #...## ..# #...)†. # #..## ##
#.####. ####.## ###.##### .#...#
### ........... .....#### #..
###. ###.###.# ##...##.# #.# ...
#........ ..#..##.# #.#
#.##.#........ ⌠.#..##.#
#.########.##.#..#.#.#.
..#...#.###.....♣.......#........
##≈.........#####S.........#.#.#.
≈≈......##### ###h##.####........
≈≈..#h### #............#.#.#.
##≈.#.# #h###.#####........
..#.#.#########.#§#.# #..####..
⌠.#.........h...###.# ##.# #.#
..#..#########......# #.# #.#
##...# #....### #.# #.#


You could see a water moccasin (poisoned) and a jackal.

Vanquished Creatures
  Jessica (D:2)
  Terence (D:2)
  8 gnolls
  A white imp (D:3)
  2 worms
  2 dart slugs (D:1)
  2 leopard geckos
  A ball python (D:3)
  4 giant cockroaches
  9 goblins
  7 hobgoblins
  9 jackals
  6 kobolds
  5 bats (D:1)
  3 frilled lizards
  3 rats
64 creatures vanquished.

Notes
Turn   | Place    | Note
-------+----------+-------------------------------------------
     0 | D:1      | Zeld the Octopode Transmuter began the quest for the Orb.
     0 | D:1      | Reached XP level 1. HP: 13/13 MP: 3/3
   223 | D:1      | Reached XP level 2. HP: 9/18 MP: 3/5
   226 | D:1      | Learned a level 2 spell: Wereblood
   969 | D:1      | Reached XP level 3. HP: 23/23 MP: 4/6
   973 | D:1      | Learned a level 3 spell: Spider Form
  1296 | D:2      | Found a snail-covered altar of Cheibriados.
  1916 | D:2      | Reached XP level 4. HP: 25/28 MP: 4/8
  2199 | D:2      | Noticed Jessica
  2213 | D:2      | Killed Jessica
  2342 | D:2      | Found a hazy altar of Hepliaklqana.
  2343 | D:2      | Noticed Terence
  2354 | D:2      | Killed Terence
  2355 | D:2      | Reached XP level 5. HP: 25/34 MP: 5/9
  2363 | D:2      | Learned a level 4 spell: Ice Form
  3304 | D:3      | Found a shimmering blue altar of Sif Muna.
  3313 | D:3      | Identified Sif Muna's Papyrus of Ignition
  3475 | D:3      | Noticed a water moccasin
  3532 | D:3      | HP: 1/34 [water moccasin (8)]
  3533 | D:3      | Succumbed to a water moccasin's poison

Illustrated notes

Levels and vault maps discovered:
D:1:      lightli_arrival_maybe_door_vault, layout_basic
D:2:      layout_loops_ring, cheibriados_altar_1,
          nicolae_overflow_crystal_walls, minivault_11, uniq_jessica,
          uniq_terence
D:3:      layout_loops_ring, nzn_overflow_gifts_of_might_and_magic,
          serial_glass, glass_columns_a, glass_columns_a, glass_columns_b,
          glass_columns_b, glass_columns_a, glass_columns_a, glass_columns_b,
          glass_columns_b, feat_on_display, feat_on_display, item_on_display_a,
          fountainhead

Skill      XL: |  1  2  3  4  5 |
---------------+----------------+-----
Transmutations | 3 |  3.8
Spellcasting   | 3 |  3.5
Fighting       | 2 |  2.2
Dodging        | |  2.9
Unarmed Combat | |  3.0

Action                   |  1- 3 |  4- 6 || total
-------------------------+-------+-------++-------
Melee: Unarmed           |    59 |    92 ||   151
       Constrict         |    19 |    24 ||    43
       Kick              |    10 |    11 ||    21
       Tentacles         |     5 |     7 ||    12
       Punch             |       |     1 ||     1
 Cast: Beastly Appendage |    18 |    16 ||    34
       Spider Form       |     3 |     5 ||     8
  Use: Potion            |       |     1 ||     1
 Stab: Sleeping          |     3 |       ||     3
       Distracted        |       |     1 ||     1
Armor: Skin              |     5 |     5 ||    10
Dodge: Dodged            |    63 |    79 ||   142
